 Dungeon Crawl Stone Soup version 0.27-a0-323-gbd089401bb (webtiles) character file.

Game seed: 4778970760081078877

128 tabyourdongers the Sneak (level 4, -1/44 HPs)
             Began as a Troll Delver on Feb 10, 2021.
             Slain by an orc warrior
             ... wielding a +0 long sword
              (5 damage)
             ... on level 8 of the Dungeon.
             The game lasted 00:00:35 (187 turns).

tabyourdongers the Sneak (Troll Delver)              Turns: 187, Time: 00:00:35

Health: -1/44      AC:  6    Str: 21    XL:     4   Next: 87%
Magic:  3/3        EV: 10    Int:  6    God:
Gold:   39         SH:  0    Dex: 11    Spells: 3/3 levels left

rFire    . . .     SeeInvis .     - Unarmed
rCold    . . .     Faith    .   (no shield)
rNeg     . . .     Spirit   .   a - +0 robe
rPois    .         Reflect  .   (helmet restricted)
rElec    .         Harm     .   (no cloak)
rCorr    .         Rampage  .   (gloves unavailable)
Will     .....                  (boots unavailable)
Stlth    ++........             (no amulet)
HPRegen  0.54/turn              (no ring)
MPRegen  0.08/turn              (no ring)

@: no status effects
A: large, unfitting armour, claws 3, regeneration 1, shaggy fur 1, tough skin 3
a: no special abilities


You were on level 8 of the Dungeon.
You visited 1 branch of the dungeon, and saw 4 of its levels.

You collected 39 gold pieces.

Inventory:

Armour
 a - a +0 robe (worn)
Wands
 f - a wand of digging (3)
Scrolls
 b - a scroll of fog
 c - 2 scrolls of magic mapping
 d - a scroll of fear
Potions
 e - a potion of haste


   Skills:
 + Level 2.9 Fighting
 + Level 1.9 Dodging
 + Level 3.7 Stealth
 + Level 2.3 Unarmed Combat


You had 3 spell levels left.
You didn't know any spells.
Your spell library was empty.

Dungeon Overview and Level Annotations

Branches:
Dungeon (8/15)
 Temple: D:4-7         Lair: D:8-11

Altars:
Fedhas


Innate Abilities, Weirdness & Mutations

You are too large for most types of armour.
You have claws for hands.
Your natural rate of healing is unusually fast.
You are covered in fur. (AC +1)
You have extremely tough skin. (AC +3)


Message History

The orc warrior barely misses you. The leopard gecko bites you.
You open the door.
A white imp comes into view.
The white imp shouts, "Bolt, thou unhinged crook-pated pissant!"
Something shouts, "Escape, thou goatish pigeon-egg tiddler!"
The leopard gecko bites you but does no damage.
The orc warrior misses you.
A white imp comes into view.
The white imp shouts, "Get thee hence, thou mangled flap-mouthed vassal!"
The leopard gecko closely misses you.
There is an open door here.
You closely miss the white imp. The orc closely misses you.
The orc warrior barely misses you.
The leopard gecko bites you but does no damage.
You scratch the white imp.
The white imp is heavily wounded.
The white imp hits you but does no damage.
The leopard gecko bites you. The orc hits you with a +0 morningstar!
The orc warrior hits you with a +0 long sword!!
* * * LOW HITPOINT WARNING * * *
You barely miss the white imp.
The white imp is heavily wounded.
The white imp shouts, "Turn tail, thou grime-gilt flap-mouthed clotpole!"
The white imp gestures at you. The puff of frost hits you.
* * * LOW HITPOINT WARNING * * *
The white imp spits at you. The white imp hits you.
* * * LOW HITPOINT WARNING * * *
The white imp freezes you.
* * * LOW HITPOINT WARNING * * *
The leopard gecko barely misses you.
Unknown command.
You barely miss the white imp.
The white imp is heavily wounded.
The white imp hits you but does no damage.
The orc closely misses you.
The orc warrior hits you with a +0 long sword.
You die...

,*,,,,,,,,,,#.........# *,,,,,*
**,,,,,,,,,,#.........# *,,,,,*
**,,,,,**#+##..(......#****,,,,,*
**,,,,,**..........####*,,,,,,,,*
,,,,,,,,*..........# *,,,,,,,,+
,,,,,,,,*..........# *,,,,,,,,*
,,,,,,,,*..........# *,,,,,,,,*
**,,,,,,*......olo.#****,,,,,,,,*
**,,,,,,*.....##@###,,,,,********
**,,,,***.....#.55....#,,,,,,,,,*
**,,,,*,,.....#.......#,,,,,,,,**
,*,,,,*,,....,#.......#,,,,,,,,**
,*,,,,*,,...,,#.......+,,,,,,,,,,
,*,,,,*,,,,,,,#.......#,,,,,,,,,,
,*,,,,+,,,,,,,#.......#,,,,,,,,,,
****+**,,,,,,,######..#*,,,**,,**
,,,,,,,,,,,,,,,,,,,*,,*******,,**


You could see an orc warrior, 2 white imps, an orc and a leopard gecko.

Vanquished Creatures
  2 bullfrogs (D:6)
  An orc (D:8)
3 creatures vanquished.

Notes
Turn   | Place    | Note
-------+----------+-------------------------------------------
     0 | D:5      | tabyourdongers the Troll Delver began the quest for the
                  | Orb.
     0 | D:5      | Reached XP level 1. HP: 22/22 MP: 0/0
     7 | D:6      | Noticed a bullfrog
     7 | D:6      | Noticed a bullfrog
    15 | D:6      | Killed a bullfrog
    16 | D:6      | Reached skill level 3 in Stealth
    16 | D:6      | Reached XP level 2. HP: 9/29 MP: 1/1
    16 | D:6      | Reached XP level 3. HP: 11/36 MP: 2/2
    17 | D:6      | Killed a bullfrog
    18 | D:6      | Reached XP level 4. HP: 9/44 MP: 3/3
   126 | D:7      | Found a blossoming altar of Fedhas.
   126 | D:7      | Noticed a centaur
   174 | D:8      | Noticed an orc warrior
   187 | D:8      | Slain by an orc warrior

Illustrated notes

Levels and vault maps discovered:
D:5:      layout_cave_pools, portal_sewer_entry_f, serial_shops, shop
D:6:      layout_cave_pods, enter_ossuary_5, uniq_pikel, uniq_edmund
D:7:      layout_basic, lemuel_doored_altar, old_standard_altar,
          fedhas_bush_and_centaur_altar
D:8:      layout_gridville, cheibriados_altar_1, basic_altar, xom_shifter_show

Skill      XL: |  1 |
---------------+----+-----
Stealth        | 3 |  3.7
Fighting       | |  2.9
Dodging        | |  1.9
Unarmed Combat | |  2.3

Action                   |  1- 3 |  4- 6 || total
-------------------------+-------+-------++-------
Melee: Unarmed           |     7 |     5 ||    12
  Use: Scroll            |       |     1 ||     1
Armor: Robe              |     1 |     4 ||     5
Dodge: Dodged            |     5 |     7 ||    12

Table legend: (Time is in decaauts)
 A = Elapsed time spent in this place.
 B = Non-inter-level travel time spent in this place.
 C = Inter-level travel time spent in this place.
 D = Time resting spent in this place.
 E = Time spent auto-exploring this place.
 F = Levels seen in this place.
 G = Mean time per level.
                   A        B        C        D        E       F      G
               +--------+--------+--------+--------+--------+-----+--------+
         Total |    185 |    180 |      5 |      0 |    123 |   4 |   46.2 |
       Dungeon |    185 |    180 |      5 |      0 |    123 |   4 |   46.2 |
               +--------+--------+--------+--------+--------+-----+--------+

Top non-repeatable levels by time:
     D:6: 117 daAuts
     D:7: 54 daAuts
     D:8: 12 daAuts
     D:5: 1 daAuts
